 Dungeon Crawl Stone Soup version 0.29-a0-284-gf9362112df (webtiles) character file.

Game seed: 5493287370795342906

34 Essalna the Magician (level 3, -2/16 HPs)
             Began as a Spriggan Earth Elementalist on Mar 14, 2022.
             Slain by Crazy Yiuf
             ... wielding a +3 quarterstaff of chaos
              (18 damage)
             ... on level 2 of the Dungeon.
             The game lasted 00:02:38 (1500 turns).

Essalna the Magician (Spriggan Earth Elementalist)  Turns: 1500, Time: 00:02:38

Health: -2/16      AC:  2    Str:  4    XL:     3   Next: 14%
Magic:  5/9        EV: 17    Int: 18    God:
Gold:   105        SH:  0    Dex: 15    Spells: 8/9 levels left

rFire   . . .      SeeInvis +   f - +0 short sword (venom)
rCold   . . .      Faith    .   (no shield)
rNeg    . . .      Spirit   .   b - +0 robe
rPois   .          Reflect  .   (helmet restricted)
rElec   .          Harm     .   (no cloak)
rCorr   .          Rampage  .   (gloves unavailable)
Will    .....                   (boots unavailable)
Stlth   ++........              (no amulet)
HPRegen 0.05/turn               (no ring)
MPRegen 0.11/turn               (no ring)

@: very quick
A: very small, no large weapons, unfitting armour, see invisible, speed 3
a: no special abilities


You were on level 2 of the Dungeon.
You visited 1 branch of the dungeon, and saw 2 of its levels.

You collected 105 gold pieces.

Inventory:

Hand Weapons
 f - a +0 short sword of venom (weapon)
Missiles
 a - 80 stones
Armour
 b - a +0 robe (worn)
Scrolls
 d - 2 scrolls of identify {unknown}
 e - a scroll of magic mapping {unknown}
 g - a scroll of summoning {unknown}
 h - a scroll of noise {unknown}
 i - a scroll of fog {unknown}
 n - 3 scrolls of fear {unknown}
Potions
 c - a potion of magic
 j - a potion of mutation {unknown}
 k - a potion of curing {unknown}
 l - 2 potions of attraction {unknown}
 m - a potion of cancellation {unknown}


   Skills:
 - Level 2.6 Dodging
 - Level 3.0 Stealth
 + Level 3.7 Spellcasting
 - Level 1.3 Transmutations
 + Level 3.3 Earth Magic


You had 8 spell levels left.
You knew the following spells:

 Your Spells              Type           Power      Damage    Failure   Level
a - Sandblast             Erth           30%        2d9       3%          1

Your spell library contained the following spells:

 Spells                   Type           Power      Damage    Failure   Level
 Passwall                 Tmut/Erth      9%         N/A       9%          2
 Stone Arrow              Conj/Erth      18%        3d8       22%         3
 Petrify                  Tmut/Erth      11%        N/A       50%         4
 Metabolic Englaciation   Hex/Ice        1%         N/A       99%         5
 Statue Form              Tmut/Erth      7%         N/A       100%        6


Dungeon Overview and Level Annotations

Branches:
Dungeon (2/15)

Altars:

Annotations:
D:2 Crazy Yiuf


Innate Abilities, Weirdness & Mutations

You are very small and have problems with some larger weapons.
You are too small for most types of armour.
You have supernaturally acute eyesight. (SInv)
You cover ground extremely quickly. (Speed+++)


Message History

You are too injured to fight recklessly!
You are too injured to fight recklessly!
You are too injured to fight recklessly!
You are too injured to fight recklessly!
You are too injured to fight recklessly!
You are too injured to fight recklessly!
You are too injured to fight recklessly!
You are too injured to fight recklessly!
You are too injured to fight recklessly!
You are too injured to fight recklessly!
You are too injured to fight recklessly!
You are too injured to fight recklessly!
You are too injured to fight recklessly!
A kobold is nearby!
You hit the kobold.
You kill the kobold!
You see here a +0 whip.
Key pressed, stopping explore.
Key pressed, stopping explore.
Found a stone staircase leading down.
Found a mace.
Found two maces.
Found a runed translucent door.
You see here a +0 mace.
Found a mace.
You open the door.
You can't see any susceptible monsters within range! (Use Z to cast anyway.)
There is an open translucent door here.
The blast of sand hits Crazy Yiuf.
Crazy Yiuf is lightly wounded.
Crazy Yiuf shouts!
The blast of sand hits Crazy Yiuf.
Crazy Yiuf is moderately wounded.
The blast of sand hits Crazy Yiuf but does no damage.
Crazy Yiuf is moderately wounded.
Crazy Yiuf misses you.
The blast of sand hits Crazy Yiuf.
Crazy Yiuf is heavily wounded.
Crazy Yiuf hits you with a +3 quarterstaff of chaos!!
Ouch! That really hurt!
You die...

##...#
##..## #.#
#. .#...#
♣....♣ #.#
#. ..#.##
♣♣...♣ #.#
#. ....#
♣♣.♣♣
#.#########.
...## ♣♣)♣
#.#...).....
.#.#####
♣.♣♣
#...########
#.†..<.#
♣♣.♣ #...#
...###.#####
♣.♣♣ #####
...###.#...#
#@#
.......#.###
#.g)#
....##.....#
#...#
#.#.##.#.#.#
#)..#
#......#.#.#
#####
###.####...#
#.....####.#
#..<..# ###
#.....#


You could see Crazy Yiuf.

Vanquished Creatures
  3 endoplasms (D:2)
  A giant cockroach (D:2)
  A goblin (D:1)
  4 jackals (D:1)
  6 kobolds
  2 quokkas
  4 ball pythons
  3 bats (D:2)
  3 frilled lizards (D:1)
  4 rats
31 creatures vanquished.

Notes
Turn   | Place    | Note
-------+----------+-------------------------------------------
     0 | D:1      | Essalna the Spriggan Earth Elementalist began the quest for
                  | the Orb.
     0 | D:1      | Reached XP level 1. HP: 9/9 MP: 5/5
   383 | D:1      | Reached XP level 2. HP: 12/13 MP: 7/7
  1012 | D:2      | Found a faded altar of an unknown god.
  1133 | D:2      | Identified the +1 pair of boots of the Known World {rPois
                  | Str+2}
  1142 | D:2      | Reached XP level 3. HP: 16/16 MP: 9/9
  1491 | D:2      | Found a runed translucent door.
  1492 | D:2      | Noticed Crazy Yiuf
  1500 | D:2      | Slain by Crazy Yiuf

Illustrated notes

Levels and vault maps discovered:
D:1:      moated_graveyard_arrival, layout_loops_ring
D:2:      layout_loops_cross, ebering_ecumenical_altar_mist,
          uniq_crazy_yiuf_cottage

Skill      XL: |  1 |
---------------+----+-----
Spellcasting   | 3 |  3.7
Earth Magic    | 3 |  3.3
Dodging        | |  2.6
Stealth        | |  3.0
Transmutations | |  1.3

Action                   || total
-------------------------++-------
Melee: Short sword       ||    72
 Cast: Sandblast         ||    13
 Stab: Sleeping          ||     7
Armor: Robe              ||    10
Dodge: Dodged            ||    56

Table legend: (Time is in decaauts)
 A = Elapsed time spent in this place.
 B = Non-inter-level travel time spent in this place.
 C = Inter-level travel time spent in this place.
 D = Time resting spent in this place.
 E = Time spent auto-exploring this place.
 F = Levels seen in this place.
 G = Mean time per level.
                   A        B        C        D        E       F      G
               +--------+--------+--------+--------+--------+-----+--------+
         Total |   1173 |   1155 |     18 |      0 |    951 |   2 |  586.5 |
       Dungeon |   1173 |   1155 |     18 |      0 |    951 |   2 |  586.5 |
               +--------+--------+--------+--------+--------+-----+--------+

Top non-repeatable levels by time:
     D:1: 613 daAuts
     D:2: 559 daAuts
